 Dungeon Crawl Stone Soup version 0.23-a0-612-gcb482e9 (console) character file.

112873 Duffy the Severer (level 16, -12/147 HPs)
             Began as a Naga Gladiator on Dec 21, 2018.
             Was the Champion of the Shining One.
             Shot with a bolt by a naga sharpshooter (18 damage)
             ... on level 2 of the Snake Pit.
             The game lasted 00:49:31 (33873 turns).

Duffy the Severer (Naga Gladiator)                 Turns: 33873, Time: 00:49:32

Health: -12/147    AC: 27    Str: 23    XL:     16   Next: 61%
Magic:  25/25      EV:  8    Int: 11    God:    the Shining One [******]
Gold:   1039       SH:  5    Dex: 23    Spells: 15/15 levels left

rFire    + + .     SeeInvis +   a - +3 executioner's axe (venom)
rCold    . . .     Gourm    .   (shield currently unavailable)
rNeg     + + +     Faith    .   U - +6 chain mail "Alabafev" {*Slow MR+ Slay+2 SInv}
rPois    +         Spirit   .   S - +2 hat
rElec    .         Reflect  +   E - +2 cloak
rCorr    +         Harm     .   u - +0 pair of gloves {Dex+3}
MR       +++..                  (no barding)
Stlth    ..........             B - +5 amulet of reflection
HPRegen  0.34/turn              r - ring "Keock" {rF++ Int+3 Dex+6 Stlth-}
MPRegen  0.19/turn              M - ring of resist corrosion

@: glowing, very slow
A: large, see invisible, deformed body, poison resistance, slowness 2, slow
metabolism 1, spit poison 1, constrict 1, AC +5
a: Spit Poison, Divine Shield, Cleansing Flame, Summon Divine Warrior, Brand
Weapon With Holy Wrath, Renounce Religion


You were on level 2 of the Snake Pit.
You worshipped the Shining One.
The Shining One was exalted by your worship.
You were hungry.

You visited 5 branches of the dungeon, and saw 26 of its levels.
You also visited: Volcano.

You collected 2406 gold pieces.
You spent 1367 gold pieces at shops.

Inventory:

Hand Weapons
 a - a +3 executioner's axe of venom (weapon)
 b - the +6 broad axe "Tidasuis" {flame, rElec rF+}
   (You found it on level 15 of the Dungeon)

   It has been specially enchanted to burn those struck by it, causing extra
   injury to most foes and up to half again as much damage against particularly
   susceptible opponents.
   Big, fiery blades are also staple armaments of hydra-hunters.
   It protects you from fire.
   It insulates you from electricity.
 h - a +0 blowgun
Missiles
 d - 2 throwing nets (quivered)
 y - 22 curare-tipped needles
Armour
 u - a +0 pair of gloves of dexterity (worn)
 E - a +2 cloak (worn)
 S - a +2 hat (worn)
 U - the +6 chain mail "Alabafev" (worn) {*Slow MR+ Slay+2 SInv}
   (You bought it in a shop on level 2 of the Orcish Mines)

   It affects your accuracy and damage with ranged weapons and melee attacks
   (+2).
   It affects your resistance to hostile enchantments.
   It lets you see invisible.
   It may slow you when you take damage.
Jewellery
 r - the ring "Keock" (left hand) {rF++ Int+3 Dex+6 Stlth-}
   (You bought it in a shop on level 9 of the Dungeon)

   [ring of intelligence]

   It affects your intelligence (+3).
   It affects your dexterity (+6).
   It greatly protects you from fire.
   It makes you less stealthy.
 B - a +5 amulet of reflection (around neck)
 M - a ring of resist corrosion (right hand)
Wands
 m - a wand of polymorph (16)
 O - a wand of paralysis (9)
 W - a wand of flame (21)
Scrolls
 j - 3 scrolls of magic mapping
 l - 3 scrolls of blinking {unknown}
 p - 8 scrolls of remove curse
 q - a scroll of fear
 t - 3 scrolls of enchant armour
 w - 2 scrolls of fog
 C - 5 scrolls of teleportation
 I - 7 scrolls of immolation
 P - 2 scrolls of silence
 V - 2 scrolls of noise {unknown}
Potions
 e - 12 potions of curing
 i - a potion of ambrosia
 n - 3 potions of agility
 s - 7 potions of haste
 v - 2 potions of flight
 x - 3 potions of cancellation
 F - 4 potions of heal wounds
 G - 2 potions of berserk rage
 J - 3 potions of resistance
 K - 5 potions of might
 N - 3 potions of mutation
 T - 2 potions of magic
Miscellaneous
 k - a phial of floods
 L - a fan of gales
Comestibles
 f - 30 rations


   Skills:
 - Level 10.5 Fighting
 + Level 16.6 Axes
 - Level 1.7 Throwing
 + Level 13.9 Armour
 - Level 2.4 Dodging
 + Level 13.2 Invocations
 - Level 6.1 Evocations


You had 15 spell levels left.
You didn't know any spells.
Your spell library contained the following spells:

 Spells                   Type           Power        Failure   Level  Hunger
 Magic Dart               Conj           #...         86%         1    ##.....
 Blink                    Tloc           N/A          94%         2    ###....
 Call Imp                 Summ           #.......     94%         2    ###....
 Slow                     Hex            #.......     94%         2    ###....
 Conjure Flame            Conj/Fire      #.......     99%         3    ####...
 Ignite Poison            Fire/Tmut/Pois #.......     99%         3    ####...
 Mephitic Cloud           Conj/Pois/Air  #.......     99%         3    ####...
 Cause Fear               Hex            #.........   100%        4    #####..
 Fireball                 Conj/Fire      #.........   100%        5    ######.
 Silence                  Hex/Air        #.........   100%        5    ######.
 Yara's Violent Unravell  Hex/Tmut       #.........   100%        5    ######.
 Bolt of Fire             Conj/Fire      #.........   100%        6    #######
 Deflect Missiles         Chrm/Air       #.........   100%        6    #######
 Ring of Flames           Chrm/Fire      #.........   100%        7    #######
 Discord                  Hex            #.........   100%        8    #######
 Ignition                 Fire           #.........   100%        8    #######


Dungeon Overview and Level Annotations

Branches:
Dungeon (15/15) Temple (1/1) D:4 Lair (6/6) D:8 Shoals (0/4) Lair:3 Snake (2/4) Lair:3 Slime (0/5) Lair:6 Orc (2/2) D:11 Elf (0/3) Orc:2 Vaults (0/5) D:12 D:13 Depths (0/5) D:15

Altars:
Ashenzari
Cheibriados
Dithmenos
Elyvilon
Fedhas
Gozag
Hepliaklqana
Kikubaaqudgha
Makhleb
Nemelex Xobeh
Okawaru
Qazlal
Ru
Sif Muna
Trog
Uskayaw
Vehumet
Wu Jian
Xom
Yredelemnul
Zin
The Shining One
Beogh
Jiyva

Shops:
D:7 =   D:9 %=::[   D:15 !   Orc:2 !:*[

Portals:
Pandemonium: Orc:2

Annotations:
Lair:1 3 runed doors, MalarOregon's ghost, novice MfTm


Innate Abilities, Weirdness & Mutations

You cannot wear boots.
Your serpentine skin is tough. (AC +5)
You have supernaturally acute eyesight. (SInv)
Armour fits poorly on your strangely shaped body.
Your system is resistant to poisons. (rPois)
You cover ground very slowly.
You have a slow metabolism.
You can spit poison.
You can use your snake-like lower body to constrict enemies.


Message History

The naga sharpshooter magically shoots a bolt.
The bolt hits you! You block the naga's attack. The naga grabs you.
The naga constricts you.
You slash the naga!
The naga is heavily wounded.
You constrict the naga. The naga hits you with a +0 dire flail.
The naga constricts you.
You slice the naga!!
You kill the naga!
You feel sick.
You are no longer poisoned.
The naga sharpshooter shoots a bolt.
The bolt hits you but does no damage.
The naga sharpshooter shoots a bolt.
The bolt hits you!!
Items here: % (( )))
You slash the naga sharpshooter! Your grab misses the naga sharpshooter.
The naga sharpshooter is moderately wounded.
The naga sharpshooter casts a spell.
The naga sharpshooter magically shoots a bolt.
The bolt hits you!!
You die...

#..........
#.>..#....)
#.......#..
######...). #####
#....... ##
###...###......# #.
##.............##
#.##((#...........#
#N@((###..........#
###### #...##...###
######...# #####


You could see a naga sharpshooter.

Vanquished Creatures
  Kirke (D:11)
  Agnes (D:14)
  Louise (D:14)
  Fannar (D:11)
  Harold (D:8)
  3 naga warriors
  A merfolk avatar (Lair:6)
  5 two-headed ogres
  4 hydras
  An anaconda (Snake:2)
  2 catoblepae
  A queen ant (Lair:2)
  3 centaur warriors
  2 tengu warriors
  5 naga sharpshooters
  5 orc high priests (Orc:2)
  A sun demon (Orc:2)
  A shock serpent (Snake:1)
  Nergalle (Lair:2)
  A sixfirhy (Orc:2)
  A salamander mystic (Volcano)
  A sea snake (Lair:6)
  A torturous demonspawn (Orc:2)
  A wizard (D:14)
  A gelid demonspawn (Orc:2)
  A swamp dragon (D:13)
  A naga ritualist (Snake:1)
  9 orc knights
  A wolf spider (D:15)
  2 mana vipers (Snake:1)
  7 orc sorcerers (Orc:2)
  20 ugly things
  4 salamanders
  A moth of wrath (shapeshifter) (D:15)
  3 cyclopes
  5 elephants
  2 centaur zombies
  7 manticores
  10 black mambas
  8 naga magi
  11 spiny frogs
  An orange demon (Orc:2)
  4 centaur skeletons
  A gargoyle (D:12)
  2 molten gargoyles (Volcano)
  3 rime drakes
  An efreet (D:15)
  A hellwing (Orc:2)
  10 komodo dragons
  A red devil (Orc:2)
  An ice devil (Orc:2)
  6 trolls
  A merfolk (Lair:3)
  5 polar bears
  3 tengu conjurers
  2 wind drakes (shapeshifter)
  4 hornets
  A blink frog (shapeshifter) (D:14)
  13 hippogriffs
  8 slime creatures
  14 blink frogs
  A meliai zombie (D:14)
  Prince Ribbit (Lair:3)
  4 dream sheep (Lair:6)
  A centaur simulacrum (D:14)
  A vampire (D:13)
  2 shadows (D:15)
  2 wraiths
  2 hogs (D:12)
  15 humans
  4 wyverns
  5 fire bats
  2 basilisks
  2 hungry ghosts
  9 vampire mosquitoes
  27 yaks
  Grum (D:8)
  A chaos spawn (Orc:2)
  6 wargs
  22 nagas
  10 soldier ants (Lair:2)
  2 acid dragons (D:13)
  13 water moccasins
  A black bear (D:7)
  2 porcupines
  A sky beast (D:13)
  4 ice beasts
  An eye of draining (D:14)
  2 phantoms
  33 orc warriors
  A hornet zombie (D:9)
  A tengu (D:12)
  6 ogres
  6 wolves
  14 centaurs
  3 big kobolds
  11 crocodiles
  14 bullfrogs
  A water moccasin skeleton (D:5)
  6 scorpions
  A wyvern skeleton (D:12)
  8 killer bees
  5 wights (D:7)
  5 howler monkeys
  9 crimson imps
  5 jellies
  A bullfrog zombie (D:6)
  5 lava snakes (Volcano)
  A quasit (D:6)
  10 hounds
  29 orc priests
  16 orc wizards
  2 bullfrog skeletons
  3 iguanas
  44 worker ants
  2 hound zombies
  A hound skeleton (D:4)
  3 worker ant zombies
  2 howler monkey skeletons
  4 gnolls
  18 adders
  2 shadow imps
  An ooze (D:1)
  An adder zombie (D:5)
  3 worms
  2 dart slugs
  3 leopard geckos
  69 orcs
  4 bats
  6 giant cockroaches
  8 goblins
  9 hobgoblins
  12 jackals
  10 quokkas
  A ball python (D:7)
  A ball python skeleton (D:6)
  6 frilled lizards
  A jackal skeleton (D:5)
  19 kobolds
  2 leopard gecko zombies
  2 quokka skeletons
  7 rats
  A spectral orc (D:3)
  6 fungi
  21 plants
831 creatures vanquished.

Vanquished Creatures (collateral kills)
  A hell knight (Volcano)
  4 salamanders (Volcano)
  A hornet zombie (D:14)
6 creatures vanquished.

Vanquished Creatures (others)
  3 humans
  4 fungi
  11 plants (Lair:6)
18 creatures vanquished.

Grand Total: 855 creatures vanquished

Notes
Turn   | Place    | Note
-------+----------+-------------------------------------------
     0 | D:1      | Duffy the Naga Gladiator began the quest for the Orb.
     0 | D:1      | Reached XP level 1. HP: 19/19 MP: 1/1
   285 | D:2      | Reached XP level 2. HP: 10/26 MP: 2/2
   627 | D:2      | Reached skill level 4 in Axes
   854 | D:2      | Reached XP level 3. HP: 16/32 MP: 3/3
  1169 | D:5      | Entered Level 5 of the Dungeon
  1182 | D:5      | Reached XP level 4. HP: 29/39 MP: 4/4
  1200 | D:5      | Noticed an angel
  1202 | D:5      | Found a shimmering altar of Xom.
  1203 | D:5      | Found a glowing silver altar of Zin.
  1207 | D:5      | Reached skill level 5 in Axes
  1207 | D:5      | Reached skill level 1 in Armour
  1360 | D:4      | Found a shadowy altar of Dithmenos.
  1463 | D:4      | Reached XP level 5. HP: 40/45 MP: 5/5
  1499 | D:4      | Found a staircase to the Ecumenical Temple.
  1513 | Temple   | Entered the Ecumenical Temple
  1758 | Temple   | Became a worshipper of the Shining One
  2223 | D:1      | Found a roughly hewn altar of Beogh.
  2230 | D:1      | Noticed an orc warrior
  2446 | D:3      | Reached XP level 6. HP: 18/52 MP: 6/6
  3541 | D:3      | Found a basalt altar of Yredelemnul.
  3561 | D:3      | Reached skill level 6 in Axes
  3708 | D:4      | Noticed a phantom
  3738 | D:4      | Killed a phantom
  4057 | D:4      | Reached XP level 7. HP: 59/60 MP: 7/7
  4129 | D:4      | Reached * piety under the Shining One
  4850 | D:5      | Reached skill level 7 in Axes
  5161 | D:5      | Reached XP level 8. HP: 65/67 MP: 8/8
  5497 | D:5      | Found an opulent altar of Gozag.
  5596 | D:5      | Reached skill level 5 in Armour
  6026 | D:6      | Reached ** piety under the Shining One
  6400 | D:6      | You fall through a shaft for 2 floors!
  6439 | D:7      | Reached XP level 9. HP: 72/79 MP: 9/9
  6610 | D:6      | Reached skill level 5 in Fighting
  7740 | D:7      | Reached *** piety under the Shining One
  8153 | D:7      | Noticed a troll
  8158 | D:7      | Killed a troll
  8158 | D:7      | Reached skill level 1 in Invocations
  8162 | D:7      | Found Zitwinle's Jewellery Shop.
  8655 | D:8      | Reached XP level 10. HP: 87/94 MP: 11/11
  8722 | D:8      | Noticed Grum
  8726 | D:8      | Killed Grum
  8918 | D:8      | Noticed Harold
  8932 | D:8      | Killed Harold
  9123 | D:8      | Found a staircase to the Lair.
  9237 | D:8      | Noticed a two-headed ogre
  9249 | D:8      | Killed a two-headed ogre
  9249 | D:8      | Reached skill level 5 in Invocations
  9424 | D:8      | Found a burning altar of Makhleb.
  9710 | D:9      | Found Qeqemopn's Jewellery Shop.
  9749 | D:9      | Paralysed by a hornet for 2 turns
  9756 | D:9      | Reached skill level 8 in Axes
  9801 | D:9      | Found Axke's Food Shop.
  9801 | D:9      | Found a sparkling altar of Nemelex Xobeh.
  9845 | D:9      | Found Egyfej's Book Emporium.
  9867 | D:9      | Found Vineq's Book Shop.
  9901 | D:9      | Found Girphoucw's Antique Armour Emporium.
  9933 | D:9      | Reached **** piety under the Shining One
  9965 | D:9      | Got an ancient spear
  9966 | D:9      | Identified the +9 spear "Spider's Doom" {drain, +Inv rC+}
                  | (You found it on level 9 of the Dungeon)
 10329 | D:9      | Found a sparkling altar of Nemelex Xobeh.
 10487 | D:9      | Bought a pair of runed gloves for 240 gold pieces
 10520 | D:10     | Entered Level 10 of the Dungeon
 11085 | D:10     | Reached XP level 11. HP: 104/104 MP: 15/15
 11407 | D:11     | Noticed a two-headed ogre
 11421 | D:11     | Killed a two-headed ogre
 11430 | D:11     | Found a staircase to the Orcish Mines.
 11761 | D:11     | Noticed a white ugly thing
 11786 | D:11     | HP: 1/106 [green ugly thing (8)]
 11792 | D:11     | Killed a green ugly thing
 12335 | D:11     | Noticed a manticore
 12357 | D:11     | Killed a manticore
 12357 | D:11     | Reached skill level 9 in Axes
 12381 | D:11     | Noticed a two-headed ogre
 12400 | D:11     | Killed a two-headed ogre
 12683 | D:11     | Noticed Fannar
 12700 | D:11     | Killed Fannar
 13412 | Orc:1    | Entered Level 1 of the Orcish Mines
 13412 | Orc:1    | Found a roughly hewn altar of Beogh.
 13415 | Orc:1    | Noticed an orc knight
 13549 | D:11     | Killed an orc knight
 13655 | Orc:1    | Noticed an orc knight
 13686 | D:11     | Killed an orc knight
 13686 | D:11     | Reached skill level 10 in Fighting
 13686 | D:11     | Reached XP level 12. HP: 47/116 MP: 16/18
 14282 | D:9      | Bought the ring "Keock" {rF++ Int+3 Dex+6 Stlth-} for 616
                  | gold pieces
 14333 | Lair:1   | Entered Level 1 of the Lair of Beasts
 14798 | Lair:1   | Reached skill level 10 in Axes
 15088 | Lair:1   | Found a runed gate.
 15088 | Lair:1   | Found a runed gate.
 15088 | Lair:1   | Found a runed gate.
 15094 | Lair:1   | Found a viscous altar of Jiyva.
 15094 | Lair:1   | Noticed a death ooze
 15094 | Lair:1   | Noticed MalarOregon's ghost (novice MfTm)
 15444 | Lair:1   | Reached skill level 10 in Armour
 16000 | Lair:2   | Noticed a catoblepas
 16010 | Lair:2   | Killed a catoblepas
 16127 | Lair:2   | Noticed Nergalle
 16135 | Lair:2   | Killed Nergalle
 16196 | Lair:2   | Reached skill level 11 in Axes
 16584 | Lair:2   | Reached ***** piety under the Shining One
 17292 | Lair:3   | Noticed Prince Ribbit
 17299 | Lair:3   | Killed Prince Ribbit
 17299 | Lair:3   | Gained mutation: You can use your snake-like lower body to
                  | constrict enemies. [Naga growth]
 17299 | Lair:3   | Reached XP level 13. HP: 124/124 MP: 19/19
 17417 | Lair:3   | Found a staircase to the Snake Pit.
 17470 | Lair:3   | Reached skill level 12 in Axes
 18046 | Lair:3   | Found a staircase to the Shoals.
 19406 | Lair:2   | Reached skill level 1 in Evocations
 20495 | Lair:5   | Reached skill level 13 in Axes
 21098 | Lair:6   | Entered Level 6 of the Lair of Beasts
 21858 | Lair:6   | Reached XP level 14. HP: 111/133 MP: 20/20
 22009 | Lair:6   | Found a viscous altar of Jiyva.
 22010 | Lair:6   | Found a staircase to the Slime Pits.
 22283 | Lair:6   | Reached skill level 14 in Axes
 22688 | Lair:6   | Reached skill level 5 in Evocations
 23129 | Orc:2    | Entered Level 2 of the Orcish Mines
 23170 | Orc:2    | Found a dark tunnel.
 23280 | Volcano  | Entered a volcano
 23705 | Volcano  | Found a radiant altar of Vehumet.
 24153 | Orc:2    | Found a staircase to the Elven Halls.
 24874 | Orc:2    | Found Obisamax's Distillery.
 24876 | Orc:2    | Found Enef's General Store.
 25048 | Orc:2    | Bought a potion of heal wounds for 75 gold pieces
 25048 | Orc:2    | Bought a potion of cancellation for 120 gold pieces
 25050 | Orc:2    | Bought a potion of berserk rage for 50 gold pieces
 25095 | Orc:2    | Paralysed by an orc sorcerer for 5 turns
 25102 | Orc:2    | Paralysed by an orc sorcerer for 5 turns
 25901 | Orc:2    | Reached ****** piety under the Shining One
 25950 | Orc:2    | Reached skill level 10 in Invocations
 25960 | Orc:2    | Found Nienoom's Antique Armour Shoppe.
 25960 | Orc:2    | Found Jacsim's Book Emporium.
 25960 | Orc:2    | Found a one-way gate leading to the halls of Pandemonium.
 26054 | Orc:2    | Bought a twisted chain mail for 266 gold pieces
 26064 | Orc:2    | Identified the +6 chain mail "Alabafev" {*Slow MR+ Slay+2
                  | SInv} (You bought it in a shop on level 2 of the Orcish
                  | Mines)
 26164 | D:12     | Noticed Kirke
 26173 | D:11     | Killed Kirke
 26173 | D:11     | Reached skill level 15 in Axes
 26173 | D:11     | Reached XP level 15. HP: 124/140 MP: 22/22
 26301 | D:12     | Noticed Sonja
 26304 | D:12     | Noticed Sonja
 26304 | D:12     | Sonja changed into Sonja the tengu
 26312 | D:12     | Killed Sonja the tengu
 27151 | D:12     | Found a bloodstained altar of Trog.
 27319 | D:13     | Found a gate to the Vaults.
 27319 | D:13     | Noticed Nessos
 27320 | D:13     | Noticed Nessos
 27320 | D:13     | Nessos changed into Nessos the swamp dragon
 27743 | D:13     | Killed Nessos the swamp dragon
 29059 | D:14     | Noticed Agnes
 29068 | D:14     | Killed Agnes
 29315 | D:14     | Noticed Louise
 29338 | D:14     | Killed Louise
 29821 | D:14     | Reached skill level 16 in Axes
 30161 | D:15     | Entered Level 15 of the Dungeon
 30214 | D:15     | Reached XP level 16. HP: 147/147 MP: 25/25
 30530 | D:15     | Got a dazzling broad axe
 30531 | D:15     | Identified the +6 broad axe "Tidasuis" {flame, rElec rF+}
                  | (You found it on level 15 of the Dungeon)
 30554 | D:15     | Found Loun's Distillery.
 30615 | D:15     | Found a staircase to the Depths.
 31310 | Snake:1  | Entered Level 1 of the Snake Pit
 32016 | Snake:1  | You fall through a shaft!
 33767 | Snake:2  | Found an ancient bone altar of Kikubaaqudgha.
 33872 | Snake:2  | HP: 6/147 [naga sharpshooter/bolt (22)]
 33873 | Snake:2  | Shot with a bolt by a naga sharpshooter

Vault maps used:
D:1:      erik_arrival_cave_to_civilisation
D:3:      yredelemnul_forgotten_temple_becter
D:4:      nicolae_dithmenos_through_a_glass_darkly,
          minmay_temple_entry_enclosed_plants, minmay_vboxes
D:5:      grunt_temple_overflow_order_and_chaos_1, lemuel_doored_altar,
          first_ration
D:6:      minmay_octagon_keep
D:7:      serial_shops, shop
D:8:      lemuel_round_altar, dpeg_oklobed_lair, uniq_harold, uniq_grum
D:9:      nicolae_overflow_crystal_walls, basic_altar, serial_shops, shop,
          nicolae_shop_trees, shop, shop, shop
D:10:     david_nohive_1
D:11:     minmay_orc_entry_guard_dogs, uniq_fannar
D:12:     bloody_trog, uniq_kirke, uniq_sonja
D:13:     david_vaults_3, minivault_1, kennysheep_flooded_box,
          grunt_ministairs_1
D:14:     uniq_agnes, uniq_louise
D:15:     hangedman_depths_entry_try_elsewhere_first, serial_shops, shop
Temple:   regret_index_temple_waves
Lair:1:   gammafunk_ghost_ooze
Lair:2:   zaba_anthell, serial_bayou_shore_b, grunt_megastairs_2, uniq_nergalle
Lair:3:   wad_woods_structure_01, elwin_shoals_entry_rooms, uniq_prince_ribbit2
Lair:4:   minivault_19, chequers_serial_rivers_micro_c
Lair:6:   gammafunk_lair_ancient_temple, slime_altar_1, minivault_23
Snake:2:  basic_altar
Orc:1:    basic_altar
Orc:2:    pf_orc_diabolical, nicolae_volcano_entry_batcave
Volcano:  volcano_lake

Skill      XL: |  1  2  3  4  5  6  7  8  9 10 11 12 13 14 15 16 |
---------------+-------------------------------------------------+-----
Axes           | 4 5 6 7 8 9 11 13 15 16 | 16.6
Armour         | 1 2 3 4 6 7 8 9 10 11 12 13 | 13.9
Fighting       | 4 7 8 10 | 10.5
Invocations    | 2 5 8 10 12 13 | 13.2
Evocations     | 4 6 |  6.1
Throwing       | |  1.7
Dodging        | |  2.4

Action                   |  1- 3 |  4- 6 |  7- 9 | 10-12 | 13-15 | 16-18 || total
-------------------------+-------+-------+-------+-------+-------+-------++-------
Melee: War axe           |    52 |   201 |   124 |       |       |       ||   377
       Whip              |       |       |   288 |   390 |       |       ||   678
       Executioner's axe |       |       |       |   209 |   842 |   192 ||  1243
       Constrict         |       |       |       |       |   205 |    55 ||   260
       Broad axe         |       |       |       |       |       |     4 ||     4
Throw: Throwing net      |       |       |     1 |     6 |     1 |       ||     8
Invok: Divine Shield     |       |       |       |     1 |     1 |       ||     2
       Summon Divine War |       |       |       |       |     1 |       ||     1
 Abil: Spit Poison       |     8 |     9 |       |     3 |       |       ||    20
Evoke: Wand              |       |       |       |     2 |     8 |       ||    10
       Box of beasts     |       |       |       |       |     3 |       ||     3
       Fan of gales      |       |       |       |       |     1 |       ||     1
       Phial of floods   |       |       |       |       |     1 |       ||     1
  Use: Scroll            |       |       |     5 |    10 |    12 |     5 ||    32
       Potion            |       |       |       |     2 |       |     3 ||     5
  Eat: Chunk             |       |     5 |    12 |    13 |    22 |     2 ||    54
       Ration            |       |     1 |       |     4 |     4 |     2 ||    11
Armor: Leather armour    |    12 |       |       |       |       |       ||    12
       Plate armour      |     4 |   182 |   292 |   249 |   372 |       ||  1099
       Chain mail        |       |       |       |   142 |   286 |   153 ||   581
Dodge: Dodged            |    42 |    67 |    90 |   176 |   266 |    74 ||   715
Block: Other             |       |       |     1 |   129 |   190 |    57 ||   377
       Reflection        |       |       |       |       |    15 |     9 ||    24

Table legend:
 A = Non-vault XP
 B = Vault XP
 C = Vault XP percentage of total XP
 D = Non-vault monster count
 E = Vault monster count
 F = Vault count percentage of total count
                 A         B        C        D         E       F
            +---------+---------+-------+---------+---------+-------
      Total |  102394 |   58854 |  36.5 |     573 |     238 |  29.3
            +---------+---------+-------+---------+---------+-------
        D:1 |      23 |       9 |  28.1 |      15 |       2 |  11.8
        D:2 |     102 |       0 |   0.0 |      27 |       0 |   0.0
        D:3 |     131 |       1 |   0.8 |      23 |       1 |   4.2
        D:4 |     441 |      55 |  11.1 |      18 |       1 |   5.3
        D:5 |     914 |       0 |   0.0 |      30 |       0 |   0.0
        D:6 |     879 |     445 |  33.6 |      19 |      16 |  45.7
        D:7 |    1478 |       0 |   0.0 |      39 |       0 |   0.0
        D:8 |    1860 |    1401 |  43.0 |      22 |       4 |  15.4
        D:9 |     978 |       0 |   0.0 |      18 |       0 |   0.0
       D:10 |     515 |       0 |   0.0 |       7 |       0 |   0.0
       D:11 |    7737 |    3888 |  33.4 |      41 |       6 |  12.8
       D:12 |    9474 |    3953 |  29.4 |      58 |      18 |  23.7
       D:13 |    7343 |    3468 |  32.1 |      37 |      10 |  21.3
       D:14 |   13585 |    3599 |  20.9 |      34 |       2 |   5.6
       D:15 |    8913 |    2212 |  19.9 |      25 |       4 |  13.8
     Lair:1 |    3956 |    1442 |  26.7 |      16 |       6 |  27.3
     Lair:2 |    5377 |    4822 |  47.3 |      17 |      47 |  73.4
     Lair:3 |    1461 |    3428 |  70.1 |       7 |      10 |  58.8
     Lair:4 |    1567 |       0 |   0.0 |       6 |       0 |   0.0
     Lair:5 |    5530 |       0 |   0.0 |      18 |       0 |   0.0
     Lair:6 |    4289 |    8425 |  66.3 |      19 |      25 |  56.8
    Snake:1 |   10602 |       0 |   0.0 |      25 |       0 |   0.0
    Snake:2 |   11486 |       0 |   0.0 |      27 |       0 |   0.0
      Orc:1 |     167 |       0 |   0.0 |       3 |       0 |   0.0
      Orc:2 |    3586 |   17696 |  83.2 |      22 |      71 |  76.3
    Volcano |       0 |    4010 | 100.0 |       0 |      15 | 100.0
            +---------+---------+-------+---------+---------+-------
